 Dungeon Crawl Stone Soup version 0.29.1-2-gbd0b4ee654 (webtiles) character file.

Game seed: 11283809096286936048

36 qeuew the Vexing (level 3, 0/26 HPs)
             Began as a Formicid Arcane Marksman on Nov 4, 2022.
             Slain by an adder (2 damage)
             ... on level 2 of the Dungeon.
             The game lasted 00:02:40 (1591 turns).

qeuew the Vexing (Formicid Arcane Marksman)         Turns: 1591, Time: 00:02:41

Health: 0/26       AC:  3    Str: 14    XL:     3   Next: 57%
Magic:  5/5        EV: 12    Int: 12    God:
Gold:   122        SH:  0    Dex: 16    Spells: 1/5 levels left

rFire   . . .      SeeInvis +   e - +0 dagger
rCold   . . .      Faith    .   (no shield)
rNeg    . . .      Spirit   .   d - +0 leather armour
rPois   .          Reflect  .   (helmet unavailable)
rElec   .          Harm     .   (no cloak)
rCorr   .          Rampage  .   (no gloves)
Will    .....                   (no boots)
Stlth   +.........              (no amulet)
HPRegen 0.08/turn               (no ring)
MPRegen 0.09/turn               (no ring)

@: lethally poisoned (0 -> -3)
A: permanent stasis, dig shafts and tunnels, antennae 3, four strong arms
a: Dig, Shaft Self


You were on level 2 of the Dungeon.
You visited 1 branch of the dungeon, and saw 2 of its levels.

You collected 122 gold pieces.

Inventory:

Hand Weapons
 a - a +1 sling
 e - a +0 dagger (weapon)
Armour
 d - a +0 leather armour (worn)
Jewellery
 i - an amulet of faith
Scrolls
 b - a scroll of poison
 c - 3 scrolls of teleportation {unknown}
 g - 5 scrolls of identify {unknown}
 k - a scroll of fear {unknown}
 l - 2 scrolls of noise {unknown}
Potions
 h - a potion of magic {unknown}
 j - a potion of curing {unknown}


   Skills:
 - Level 1.2 Fighting
 * Level 0.4 Short Blades
 + Level 2.5 Ranged Weapons
 * Level 0.6 Armour
 + Level 2.0 Dodging
 * Level 1.5 Spellcasting
 + Level 4.1 Hexes
 * Level 0.1 Fire Magic


You had one spell level left.
You knew the following spells:

 Your Spells              Type           Power      Damage    Failure   Level
a - Slow                  Hex            40%        N/A       7%          1
b - Inner Flame           Hex/Fire       5%         N/A       43%         3

Your spell library contained the following spells:

 Spells                   Type           Power      Damage    Failure   Level
 Portal Projectile        Hex/Tloc       10%        N/A       43%         3
 Cause Fear               Hex            5%         N/A       56%         4
 Ignite Poison            Fire/Tmut/Pois 1%         N/A       71%         3
 Mephitic Cloud           Conj/Pois/Air  0%         N/A       73%         3
 Freezing Cloud           Conj/Ice/Air   0%         6-21      100%        5


Dungeon Overview and Level Annotations

Branches:
Dungeon (2/15)

Altars:
Okawaru


Innate Abilities, Weirdness & Mutations

You cannot be hasted, slowed, berserked, paralysed or teleported.
You can dig through walls and to a lower floor.
You have a pair of large antennae on your head. (SInv)
Your four strong arms can wield two-handed weapons with a shield.


Message History

You feel sick. The adder bites you.
You barely miss the adder.
The adder is moderately wounded.
You feel sick. The adder closely misses you.
The rat twitches its whiskers.
You miss the adder.
The adder is moderately wounded.
You feel sick. The adder bites you but does no damage.
The adder barely misses you.
You hit the adder but do no damage.
The adder is moderately wounded.
The adder bites you.
You closely miss the adder.
The adder is moderately wounded.
You feel sick. The adder closely misses you.
You closely miss the adder.
The adder is moderately wounded.
You feel sick. The adder closely misses you.
You barely miss the adder.
The adder is moderately wounded.
You feel sick.
You are no longer poisoned.
The adder bites you. The adder closely misses you.
You miss the adder.
The adder is moderately wounded.
The adder bites you.
* * * LOW HITPOINT WARNING * * *
You are lethally poisoned!
The adder poisons you!
You completely miss the adder.
The adder is moderately wounded.
* * * LOW HITPOINT WARNING * * *
You feel sick. The adder misses you.
Unknown command.
* * * LOW HITPOINT WARNING * * *
You feel sick. The adder attacks as you move away!
The adder closely misses you.
* * * LOW HITPOINT WARNING * * *
You feel sick. The adder bites you.
You die...

.......... . ##########. #.## {
#.......... ###...
######.######### ...#.####
#............... #......
#........##..... ....
#........##.....
..#####.########........##.....
....)..S.gr.gS@...........#####
#######.########..........# #
#.# ##.###.....# #.# #.#
#.....# #.# #.###.....# #.#
#.#......## #.# #.#......######
#.# #.#............
#.#.#.......#####


You could see 2 gnolls, 2 adders and a rat.

Vanquished Creatures
  A gnoll (D:2)
  2 dart slugs (D:1)
  A ball python (D:1)
  2 endoplasms
  A giant cockroach (D:1)
  3 goblins (D:1)
  2 hobgoblins
  2 kobolds
  2 quokkas
  2 frilled lizards (D:1)
  3 rats
21 creatures vanquished.

Vanquished Creatures (others)
  11 demonic plants (D:2)
  2 fungi (D:2)
  9 plants (D:2)
  10 withered plants (D:2)
32 creatures vanquished.

Grand Total: 53 creatures vanquished

Notes
Turn   | Place    | Note
-------+----------+-------------------------------------------
     0 | D:1      | qeuew the Formicid Arcane Marksman began the quest for the
                  | Orb.
     0 | D:1      | Reached XP level 1. HP: 15/15 MP: 2/2
   445 | D:1      | Reached XP level 2. HP: 21/21 MP: 3/3
   893 | D:1      | Reached skill level 4 in Hexes
  1105 | D:1      | Reached XP level 3. HP: 26/26 MP: 5/5
  1232 | D:2      | Found an iron altar of Okawaru.
  1312 | D:2      | Learned a level 3 spell: Inner Flame
  1591 | D:2      | Slain by an adder

Illustrated notes

Levels and vault maps discovered:
D:1:      minmay_arrival_four_loops, layout_basic, moated_statue
D:2:      layout_basic, basic_altar, shapermc_ecumenical_altar_gd,
          kennysheep_potato

Skill      XL: |  1  2  3 |
---------------+----------+-----
Hexes          | 4 |  4.1
Dodging        | 2 |  2.0
Fighting       | |  1.2
Short Blades   | |  0.4
Ranged Weapons | |  2.5
Armour         | |  0.6
Spellcasting   | |  1.5
Fire Magic     | |  0.1

Action                   || total
-------------------------++-------
Melee: Dagger            ||    10
 Fire: Sling             ||    51
 Cast: Slow              ||     2
  Use: Potion            ||     1
Armor: Leather armour    ||     3
Dodge: Dodged            ||    17
